 Dungeon Crawl Stone Soup version 0.17.0-1-g61d176b (console) character file.

309 gw the Cudgeler (level 6, 31/56 HPs)
             Began as a Deep Dwarf Gladiator on Nov 7, 2015.
             Starved to death
             ... on level 3 of the Dungeon.
             The game lasted 00:05:44 (2615 turns).

gw the Cudgeler (Deep Dwarf Gladiator)              Turns: 2615, Time: 00:05:44

Health: 31/56      AC: 13    Str: 19    XL:     6   Next: 17%
Magic:  5/5        EV:  7    Int:  8    God:
Gold:   71         SH:  0    Dex: 15    Spells: 0 memorised, 5 levels left

rFire  . . .     SeeInvis .     a - +0 flail
rCold  . . .     Clarity  .     b - +0 plate armour
rNeg   . . .     SustAt   .     (no shield)
rPois  .         Gourm    .     c - +0 helmet
rElec  .         Spirit   .     g - +0 cloak
rCorr  .         Warding  .     (no gloves)
rMut   .         Stasis   .     (no boots)
MR     .....                    (no amulet)
Stlth  ..........               (no ring)
                                (no ring)

@: fainting, non-regenerating, not resistant to hostile enchantments, extremely
unstealthy
A: damage resistance, recharge devices, sense surroundings 1, slow regeneration
3
a: Device Recharging


You were on level 3 of the Dungeon.
You were fainting.

You visited 1 branch of the dungeon, and saw 3 of its levels.

You collected 71 gold pieces.

Inventory:

Hand Weapons
 a - a +0 flail (weapon)
Missiles
 d - 3 throwing nets
Armour
 b - a +0 plate armour (worn)
 c - a +0 helmet (worn)
 g - a +0 cloak (worn)
Wands
 e - a wand of heal wounds (2)
Comestibles
 f - 3 bread rations


   Skills:
 + Level 3.2 Fighting
 * Level 5.2 Maces & Flails
 - Level 1.7 Throwing
 + Level 3.4 Armour
 - Level 3.2 Dodging


You had 5 spell levels left.
You didn't know any spells.

Dungeon Overview and Level Annotations

Branches:
Dungeon (3/15)

Altars:
Cheibriados

Annotations:
D:3 Lucai's ghost, amateur DDNe; Robin


Innate Abilities, Weirdness & Mutations

You are resistant to damage.
You can recharge devices by infusing magical energy.
You passively map a small area around you.
You do not regenerate naturally.


Message History

Robin hits you but does no damage.
Unknown command.
Unknown command.
Unknown command.
ATTACK MOVE TO (-1,0) Robin closely misses you.
Items here: ))) ? a dagger; a club; a scroll labeled ALOKLASCHIEBB; a club Unknown command.
Unknown command.
Unknown command.
Unknown command.
MOVING TO (1,-1) Robin hits you but does no damage.
Unknown command.
Unknown command.
Unknown command.
ATTACK MOVE TO (-1,0)
You have starved to death.
You die...

#.##.# #..#.# ##%#'###
#.....# ,, * * ### #.....#
, g , , ..# #.....# ... *
* ###.# #.....#####
....######.#.# #......)...
......gggg)#.####..#######
, .......W##.....##..# ,
.......5####.#.##..#
......... ...#.##..# ,
,........######.##..# *
###..(..# #.###>## #.....#
#.#....# #.....# #.#.?..#
* #.....# ###.#....#


You could see Robin, Lucai's ghost and 2 hobgoblins.

Table legend:
 A = Turns spent in this place as a percentage of turns spent in the entire game.
 B = Non-inter-level travel turns spent in this place as a percentage of non-inter-level travel turns spent in the entire game.
 C = Inter-level travel turns spent in this place as a percentage of turns spent in this place.
 D = Turns resting spent in this place as a percentage of non-inter-level travel turns spent in this place.
 E = Turns spent auto-exploring this place as a percentage of non-inter-level travel turns spent in this place.
 F = Non-inter-level travel turns spent in this place divided by the number of levels of this place that you've seen.
                   A       B       C       D       E      F
               +-------+-------+-------+-------+-------+----------------------
         Total | 100.0 | 100.0 |   0.1 |   0.0 |   1.0 | 2698.0
       Dungeon | 100.0 | 100.0 |   0.1 |   0.0 |   1.0 | 2698.0
               +-------+-------+-------+-------+-------+----------------------

Table legend:
 A = Kills in this place as a percentage of kills in entire the game.
 B = Kills by you in this place as a percentage of kills by you in the entire game.
 C = Kills by friends in this place as a percentage of kills by friends in the entire game.
 D = Other kills in this place as a percentage of other kills in the entire game.
 E = Experience gained in this place as a percentage of experience gained in the entire game.
 F = Experience gained in this place divided by the number of levels of this place that you have seen.
                   A       B       C       D       E      F
               +-------+-------+-------+-------+-------+----------------------
         Total | 100.0 | 100.0 |  -nan |  -nan | 100.0 | 147.3
       Dungeon | 100.0 | 100.0 |  -nan |  -nan | 100.0 | 147.3
               +-------+-------+-------+-------+-------+----------------------

Vanquished Creatures
  Sigmund (D:2)
  Terence (D:3)
  Natasha (thrice) (D:3)
  3 adders (D:2)
  An ooze (D:2)
  A worm (D:2)
  An orc (D:3)
  3 bats
  3 giant cockroaches (D:1)
  6 hobgoblins
  6 jackals
  5 giant newts
  15 goblins
  7 kobolds
  7 rats
63 creatures vanquished.

Notes
Turn   | Place    | Note
--------------------------------------------------------------
     0 | D:1      | gw the Deep Dwarf Gladiator began the quest for the Orb.
     0 | D:1      | Reached XP level 1. HP: 19/19 MP: 1/1
   120 | D:1      | Reached XP level 2. HP: 19/26 MP: 2/2
   182 | D:1      | Reached skill level 1 in Armour
   622 | D:2      | Reached XP level 3. HP: 30/32 MP: 3/3
   802 | D:2      | Reached skill level 4 in Maces & Flails
   937 | D:2      | Reached XP level 4. HP: 23/40 MP: 4/4
  1012 | D:2      | Found a snail-covered altar of Cheibriados.
  1203 | D:2      | Noticed Sigmund
  1274 | D:2      | Killed Sigmund
  1274 | D:2      | Reached skill level 5 in Maces & Flails
  1274 | D:2      | Reached XP level 5. HP: 23/49 MP: 5/5
  1468 | D:3      | Noticed Terence
  1478 | D:3      | Killed Terence
  1500 | D:3      | Noticed Natasha
  1520 | D:3      | Killed Natasha
  1520 | D:3      | Reached XP level 6. HP: 54/56 MP: 5/5
  1610 | D:3      | Noticed Natasha
  1617 | D:3      | Killed Natasha
  1625 | D:3      | Noticed Robin
  1690 | D:3      | Noticed Lucai's ghost (amateur DDNe)
  2532 | D:3      | Noticed Natasha
  2549 | D:3      | Killed Natasha
  2615 | D:3      | Starved to death

Action                   |  1- 3 |  4- 6 || total
-------------------------+-------+-------++-------
Melee: Flail             |   105 |   100 ||   205
 Abil: Device Recharging |       |     1 ||     1
Evoke: Wand              |     2 |     5 ||     7
  Eat: Chunk             |       |     3 ||     3

Vault maps used:
D:1:      lightli_arrival_quake, serial_aquarium, aquarium_bridge_straight,
          aquarium_bridge_square, aquarium_window_3, aquarium_window_1,
          aquarium_window_fake, aquarium_window_fake, aquarium_view_2c,
          aquarium_balcony_double_3, aquarium_pool_2, grunt_decor_cap,
          corexii_hall_statues_i
D:2:      overflow_temple_1_default, st_stairs_8, uniq_sigmund
D:3:      uniq_natasha, uniq_terence, uniq_robin, uniq_crazy_yiuf_cottage
